Map: Mécanisation EC

Players

Sorandom

  • Race: Zerg Zerg
  • League: Diamond
  • Spawn Location: 9:00

IA (très facile)

  • Race: Terran Terran
  • Spawn Location: 3:00

VOD

Have the link to the VOD?

Description

Time

  • Played on: April 3, 2019, 4:47 p.m.
  • Length: 2:04
Show
View Real Time Build Order
Export as new Build Order

Sorandom Zerg 

Build Orders:  

Get SALT Encoding   

  12  0:00  Protoss Air Armor Level 3, Ventral Sacs, Extended Thermal Lance, Zerg Flyer Weapons Level 3, Protoss Ground Weapons Level 1, Adrenal Glands, Terran Ship Weapons Level 2, Protoss Air Weapons Level 3, Protoss Air Weapons Level 2, Zerg Flyer Armor Level 3, Terran Ship Weapons Level 3, Protoss Air Armor Level 2, Terran Vehicle Weapons Level 3, Protoss Ground Armor Level 2, Terran Vehicle Weapons Level 2, Terran Vehicle Weapons Level 1, Protoss Ground Armor Level 1, Terran Vehicle Armor Level 3, Stimpack, Terran Infantry Weapons Level 3, Protoss Ground Weapons Level 3, Terran Ship Weapons Level 1, Zerg Melee Weapons Level 1, Terran Ship Armor Level 1, Protoss Ground Armor Level 3, Warp Gate, Blink, Protoss Shields Level 1, Protoss Shields Level 2, Weapon Refit, Terran Ship Armor Level 2, Protoss Shields Level 3, Protoss Air Weapons Level 1, Zerg Melee Weapons Level 2, Zerg Missile Weapons Level 2, Neosteel Armor, Protoss Air Armor Level 1, Terran Vehicle Armor Level 2, Zerg Ground Armor Level 1, Zerg Missile Weapons Level 1, Zerg Flyer Weapons Level 1, Resonating Glaives, Terran Vehicle Armor Level 1, Zerg Ground Armor Level 2, Terran Infantry Armor Level 3, Protoss Ground Weapons Level 2, Terran Ship Armor Level 3, Terran Infantry Armor Level 1, Zerg Missile Weapons Level 3, Zerg Ground Armor Level 3, Charge, Zerg Flyer Weapons Level 2, Terran Infantry Weapons Level 1, Terran Infantry Weapons Level 2, Terran Infantry Armor Level 2, Zerg Flyer Armor Level 2, Zerg Melee Weapons Level 3, Zerg Flyer Armor Level 1  
  12  0:02  Enduring Locusts  
  12  0:03  Personal Cloaking  
    0:09  Overlord  
    0:10  Neural Parasite, Combat Shield, Corvid Reactor, Psionic Storm, Chitinous Plating, Tunneling Claws, Metabolic Boost, Neosteel Frame, Centrifical Hooks, Durable Materials, Glial Reconstitution, Cloaking Field, Infernal Pre-Igniter  
    0:15  Drone x12  
    0:18  Burrow, Muscular Augments x2  
    0:27  Unknown  
  12  0:31  Drone  
  12  0:32  Gravitic Drive, Hi-Sec Auto Tracking, Behemoth Reactor, Pathogen Glands, Gravitic Boosters, Caduceus Reactor, Graviton Catapult, Moebius Reactor  
  13  0:45  Overlord  
  13  0:46  Pneumatized Carapace, Concussive Shells  
  13  0:53  Drone  
  14  1:07  Drone x2  
  14  1:09  Drone  
  17  1:25  Overlord  
  17  1:29  Unknown x5  
  17  1:31  Drone x12  
    1:43  Unknown  
    1:46  Drone  
Show
View Real Time Build Order
Export as new Build Order

IA (très facile) Terran 

Build Orders: Banshee Rush 

Get SALT Encoding   

  12  0:00  Protoss Air Armor Level 3, Ventral Sacs, Extended Thermal Lance, Zerg Flyer Weapons Level 3, Protoss Ground Weapons Level 1, Adrenal Glands, Terran Ship Weapons Level 2, Protoss Air Weapons Level 3, Protoss Air Weapons Level 2, Zerg Flyer Armor Level 3, Terran Ship Weapons Level 3, Protoss Air Armor Level 2, Terran Vehicle Weapons Level 3, Protoss Ground Armor Level 2, Terran Vehicle Weapons Level 2, Terran Vehicle Weapons Level 1, Protoss Ground Armor Level 1, Terran Vehicle Armor Level 3, Stimpack, Terran Infantry Weapons Level 3, Protoss Ground Weapons Level 3, Terran Ship Weapons Level 1, Zerg Melee Weapons Level 1, Terran Ship Armor Level 1, Protoss Ground Armor Level 3, Warp Gate, Blink, Protoss Shields Level 1, Protoss Shields Level 2, Weapon Refit, Terran Ship Armor Level 2, Protoss Shields Level 3, Protoss Air Weapons Level 1, Zerg Melee Weapons Level 2, Zerg Missile Weapons Level 2, Neosteel Armor, Protoss Air Armor Level 1, Terran Vehicle Armor Level 2, Zerg Ground Armor Level 1, Zerg Missile Weapons Level 1, Zerg Flyer Weapons Level 1, Resonating Glaives, Terran Vehicle Armor Level 1, Zerg Ground Armor Level 2, Terran Infantry Armor Level 3, Protoss Ground Weapons Level 2, Terran Ship Armor Level 3, Terran Infantry Armor Level 1, Zerg Missile Weapons Level 3, Zerg Ground Armor Level 3, Charge, Zerg Flyer Weapons Level 2, Terran Infantry Weapons Level 1, Terran Infantry Weapons Level 2, Terran Infantry Armor Level 2, Zerg Flyer Armor Level 2, Zerg Melee Weapons Level 3, Zerg Flyer Armor Level 1  
  12  0:02  Enduring Locusts  
  12  0:03  Personal Cloaking  
    0:10  Neural Parasite, Combat Shield, Corvid Reactor, Psionic Storm, Chitinous Plating, Tunneling Claws, Metabolic Boost, Neosteel Frame, Centrifical Hooks, Durable Materials, Glial Reconstitution, Cloaking Field, Infernal Pre-Igniter  
    0:15  SCV x12  
    0:18  Burrow, Muscular Augments x2  
    0:27  Unknown  
    0:28  SCV  
  13  0:32  Gravitic Drive, Hi-Sec Auto Tracking, Behemoth Reactor, Pathogen Glands, Gravitic Boosters, Caduceus Reactor, Graviton Catapult, Moebius Reactor  
  13  0:40  SCV  
  14  0:46  Pneumatized Carapace, Concussive Shells  
  14  0:47  Supply Depot  
  14  0:52  SCV  
  15  1:09  SCV  
  17  1:29  Unknown x5  
  17  1:31  SCV x12  
    1:43  Unknown  
    1:44  SCV  
  14  2:02  Supply Depot  
Tags
 
League
Diamond
Matchup
TvZ
Replay Pack
Pack 2
Spawn Locations
Cross Positions
Strategy
Banshee Rush
Add a new tag
Caveats
  • Supply blocks, unpowered buildings, or Contaminate may cause inaccurate times.
  • Supply counts are checked every 10 seconds.